 Dungeon Crawl Stone Soup version 0.30.0-10-gfe55d96785 (webtiles) character file.

Game seed: 3778477503428749334

404 booth the Conjurer (level 6, -1/41 (49) HPs)
             Began as a Demonspawn Reaver on May 14, 2023.
             Slain by a two-headed ogre
             ... wielding a +0 giant club
              (28 damage)
             ... on level 4 of the Dungeon on May 15, 2023.
             The game lasted 00:28:33 (4430 turns).

booth the Conjurer (Demonspawn Reaver)              Turns: 4430, Time: 00:28:34

HP:   -1/41 (49)    AC:  6    Str: 14    XL:     6   Next: 56%
MP:   9/10          EV: 12    Int: 15    God:
Gold: 283           SH:  0    Dex: 11    Spells: 5/10 levels left

rFire   . . .        k - +4 hand axe "Titz" {flame, rC++}
rCold   + + .        (no shield)
rNeg    + . .        b - +0 leather armour
rPois   .            q - +0 helmet
rElec   .            (no cloak)
rCorr   .            (no gloves)
SInv    .            (no boots)
Will    +....        (no amulet)
Stlth   +            d - ring of willpower
HPRegen 0.26/turn    e - ring of positive energy
MPRegen 0.12/turn

%: no passive effects
@: heavily drained
A: rugged brown scales 2, spiny 1, demonic touch 1
a: no special abilities


You were on level 4 of the Dungeon.
You visited 1 branch of the dungeon, and saw 4 of its levels.

You collected 283 gold pieces.

Inventory:

Hand Weapons
 k - the +4 hand axe "Titz" (weapon) {flame, rC++}
   (You found it on level 2 of the Dungeon)

   rC:        It greatly protects you from cold.
Missiles
 a - 2 boomerangs
 c - 5 silver javelins
 i - 9 poisoned darts
Armour
 b - a +0 leather armour (worn)
 q - a +0 helmet (worn)
Jewellery
 d - a ring of willpower (left hand)
 e - a ring of positive energy (right hand)
Wands
 o - a wand of iceblast (5)
Scrolls
 g - 2 scrolls of fog
 h - a scroll of silence
 j - a scroll of enchant weapon {unknown}
 l - a scroll of magic mapping {unknown}
 s - a scroll of vulnerability {unknown}
 t - a scroll of blinking {unknown}
Potions
 f - a potion of attraction
 m - a potion of curing {unknown}
 n - a potion of degeneration {unknown}
 p - a potion of might
 r - a potion of berserk rage {unknown}


   Skills:
 + Level 3.0 Fighting
 + Level 3.6 Axes
 + Level 2.7 Dodging
 + Level 2.8 Spellcasting
 * Level 4.6 Conjurations
 + Level 2.2 Necromancy
 + Level 1.4 Translocations


You had 5 spell levels left.
You knew the following spells:

 Your Spells              Type           Power      Damage    Failure   Level
a - Kiss of Death         Conj/Necr      48%        2d9       6%          1
b - Momentum Strike       Conj/Tloc      22%        3d8       11%         2
c - Necrotise             Necr           32%        1d5       11%         1
d - Shock                 Conj/Air       36%        1d5       10%         1

Your spell library contained the following spells:

 Spells                   Type           Power      Damage    Failure   Level
 Hailstorm                Conj/Ice       9%         3d4       30%         3
 Vampiric Draining        Necr           8%         2d6       30%         3
 Ensorcelled Hibernation  Hex/Ice        4%         N/A       36%         2
 Passwall                 Tmut/Erth      1%         N/A       36%         2
 Swiftness                Air            2%         N/A       61%         3
 Airstrike                Air            1%         2d(1-17)  95%         4
 Agony                    Necr           8%         N/A       96%         5


Dungeon Overview and Level Annotations

Branches:
Dungeon (4/15)
 Temple: D:4-7

Altars:
Cheibriados
Fedhas

Shops:
D:1 !   D:4 *


Innate Abilities, Weirdness & Mutations

You are mostly covered in rugged brown scales. (AC +2, +5% HP)
You are partially covered in sharp spines.
Your touch may inflict minor irresistible damage on your foes.


Message History

The zap hits the ogre.
The ogre is lightly wounded.
The zap hits the ogre.
The ogre is moderately wounded.
You hit the ogre. You burn the ogre.
The ogre is heavily wounded.
The ogre is struck by your spines. The ogre closely misses you.
You hit the ogre. You burn the ogre.
The ogre is almost dead.
You hit the ogre. You burn the ogre.
You kill the ogre!
Your Fighting skill increases to level 3!
You see here a +0 giant spiked club.
Magic restored.
Found a scroll labelled JIPHESEGG.
t - a scroll labelled JIPHESEGG You open the door.
A giant cockroach, a two-headed ogre, a goblin, a kobold and a sleepcap come into view.
The kobold throws a stone.
The stone hits you but does no damage.
You barely miss the goblin. The goblin hits you but does no damage.
You barely miss the goblin. The goblin is struck by your spines.
The goblin hits you but does no damage.
You hit the goblin. You burn the goblin.
You kill the goblin!
Casting: Shock (safe; 10% risk of failure)
Confirm with . or Enter, or press ? or * to list all spells.
Aiming: Kiss of Death (safe; 6% risk of failure)
Press: ? - help, Shift-Dir - straight line, f - two-headed ogre
Aim: a two-headed ogre, wielding two +0 giant clubs (100% to hit)
The negative energy hits the two-headed ogre!
The two-headed ogre is drained!
The two-headed ogre is lightly wounded.
You feel drained. The two-headed ogre closely misses you.
The two-headed ogre hits you with a +0 giant club!
You slash the two-headed ogre! You burn the two-headed ogre.
The two-headed ogre is moderately wounded.
The two-headed ogre hits you with a +0 giant club.
The two-headed ogre hits you with a +0 giant club!!
Ouch! That really hurt!
You die...

#######.#.########.###
#.......#.# #.....##
#.#######.# #..#+#..# #.#
..# #.# ##.## #.#.# ### #..
#..# #.#.# #.# ##.# #.#.#
##.# #.## #.#.####### #..#
+..# ####.........#
#@#########.# ..##.........#
#O#..B... #.#
..##.........###f'.g.f.. #.#
......>..).....#.#K..... #.#
..##.........#...#########.#
..##.........###..# +..#
####.#.####### ##.# #..#
#.#.# #.## ##..# #.#.# #..#
#...#


You could see a two-headed ogre (drained), a sleepcap and a kobold.

Vanquished Creatures
  2 ogres (D:4)
  A jelly (D:4)
  A sleepcap (D:4)
  7 adders
  3 gnolls (D:3)
  A worm (D:2)
  4 dart slugs
  An orc (D:4)
  3 bats
  8 endoplasms
  3 giant cockroaches (D:1)
  8 goblins
  4 hobgoblins
  10 jackals
  7 kobolds
  4 quokkas
  4 ball pythons
  A frilled lizard (D:1)
  A rat (D:1)
73 creatures vanquished.

Vanquished Creatures (others)
  An orc (D:4)
1 creature vanquished.

Grand Total: 74 creatures vanquished

Notes
Turn   | Place    | Note
-------+----------+-------------------------------------------
     0 | D:1      | booth the Demonspawn Reaver began the quest for the Orb.
     0 | D:1      | Reached XP level 1. HP: 16/16 MP: 3/3
   215 | D:1      | Gained mutation: Your touch may inflict minor irresistible
                  | damage on your foes. [demonic ancestry]
   215 | D:1      | Reached XP level 2. HP: 19/22 MP: 5/5
   242 | D:1      | Found Teenayd's Distillery.
   697 | D:1      | Gained mutation: You are partially covered in rugged brown
                  | scales. (AC +1, +3% HP) [demonic ancestry]
   697 | D:1      | Reached XP level 3. HP: 21/27 MP: 6/6
   779 | D:1      | Learned a level 2 spell: Momentum Strike
   781 | D:1      | Learned a level 1 spell: Necrotise
   847 | D:1      | Reached skill level 1 in Necromancy
  1591 | D:2      | Learned a level 1 spell: Shock
  1672 | D:2      | Identified the +4 hand axe "Titz" {flame, rC++}
  1829 | D:2      | Gained mutation: You are partially covered in sharp spines.
                  | [demonic ancestry]
  1829 | D:2      | Reached XP level 4. HP: 28/33 MP: 7/7
  2270 | D:3      | Found a snail-covered altar of Cheibriados.
  2887 | D:3      | Reached skill level 4 in Conjurations
  2887 | D:3      | Gained mutation: You are mostly covered in rugged brown
                  | scales. (AC +2, +5% HP) [demonic ancestry]
  2887 | D:3      | Reached XP level 5. HP: 24/40 MP: 8/8
  3318 | D:4      | Found Pippuiho's Fire Supplies.
  3363 | D:4      | Found a blossoming altar of Fedhas.
  3606 | D:4      | Noticed an ogre
  4107 | D:4      | Reached skill level 1 in Translocations
  4245 | D:4      | Killed an ogre
  4246 | D:4      | Reached XP level 6. HP: 40/48 MP: 5/10
  4421 | D:4      | Noticed a two-headed ogre
  4430 | D:4      | Slain by a two-headed ogre

Illustrated notes

Levels and vault maps discovered:
D:1:      elethiomel_arrival_quiet, layout_loops_corners, serial_shops, shop
D:2:      cheibrodos_old_hovel, layout_basic, minmay_misc_feat_ornament,
          chequers_serial_rivers_micro_b
D:3:      layout_loops_corners, cheibriados_altar_1, serial_glass,
          glass_columns_b, glass_columns_c, minmay_strange_pillars,
          due_unseen_surprise, feat_on_display, chequers_jeans,
          minmay_hedge_maze
D:4:      layout_basic, elyvilon_altar_1, mainiacjoe_overflow_surrounded_room,
          minmay_gold_behind_fungi, corexii_leaking_fountain,
          nicolae_shop_fire_sale [nicolae_sub_dead_trees],
          minmay_divided_ellipse

Skill      XL: |  1  2  3  4  5  6 |
---------------+-------------------+-----
Dodging        | 2 |  2.7
Necromancy     | 1 2 |  2.2
Axes           | 3 |  3.6
Conjurations   | 4 |  4.6
Translocations | 1 |  1.4
Fighting       | 3 |  3.0
Spellcasting   | |  2.8

Action                     |  1- 3 |  4- 6 || total
---------------------------+-------+-------++-------
  Melee: Hand axe          |   117 |    63 ||   180
         Touch             |    10 |     7 ||    17
         Punch             |     2 |       ||     2
   Cast: Shock             |       |     8 ||     8
         Kiss of Death     |       |     2 ||     2
    Use: Scroll            |     2 |     5 ||     7
 Armour: Leather armour    |    27 |    14 ||    41
  Dodge: Dodged            |    73 |    25 ||    98
